Map: Croisement de Kairos EC

Players

Finoel

  • Race: Terran Terran
  • League: Silver
  • Spawn Location: 5:00

zidar - Winner!

  • Race: Zerg Zerg
  • Spawn Location: 11:00

VOD

Have the link to the VOD?

Description

Time

  • Played on: Dec. 24, 2018, 8:13 a.m.
  • Length: 7:06
Show
View Real Time Build Order
Export as new Build Order

Finoel Terran 

Build Orders:  

Get SALT Encoding   

  12  0:01  SCV  
  13  0:14  Supply Depot  
  13  0:26  SCV  
  14  0:38  SCV  
  14  0:42  Barracks  
  15  0:50  SCV  
  15  0:56  Barracks  
  16  1:02  SCV  
  17  1:26  SCV  
  17  1:31  Marine  
  19  1:38  SCV  
  20  1:45  Marine  
  20  1:46  Supply Depot  
  21  1:50  SCV  
  22  1:54  Engineering Bay  
  22  2:00  Refinery  
  22  2:02  SCV  
  22  2:07  Marine  
  24  2:14  SCV  
  25  2:20  Marine  
  26  2:25  Marine  
  26  2:26  SCV  
  28  2:36  Refinery  
  28  2:37  Marine  
  28  2:38  SCV  
  28  2:43  Marine  
  31  2:54  Command Center  
  31  3:04  Supply Depot  
  31  3:08  Terran Infantry Armor Level 1  
  31  3:25  Marine, SCV  
  33  3:28  Marine  
  33  3:32  Supply Depot  
  34  3:38  SCV  
  34  3:40  Factory  
  35  3:43  Marine  
  35  3:46  Marine  
  37  3:50  SCV  
  37  3:54  Supply Depot  
  38  3:59  Supply Depot  
  39  4:03  Marine  
  39  4:09  Orbital Command  
  39  4:12  Marine  
  40  4:21  Marine  
  41  4:34  Hellion  
  43  4:39  Marine  
  44  4:46  Barracks Reactor  
  44  4:53  Starport  
  44  4:55  SCV  
  44  4:57  Marine  
  4  5:30  Hellion  
    6:01  SCV  
  1  6:13  SCV  
  2  6:25  SCV  
  3  6:32  Orbital Command  
  3  6:37  SCV  
  4  6:49  SCV  
Show
View Real Time Build Order
Export as new Build Order

zidar Zerg - Winner!

Build Orders: Hatch First, Zergling Baneling 

Get SALT Encoding   

  12  0:02  Drone  
  13  0:12  Overlord  
  13  0:17  Drone  
  14  0:31  Drone x2  
  14  0:35  Drone  
  17  0:56  Hatchery  
  16  0:58  Drone  
  17  1:05  Extractor  
  17  1:06  Drone  
  17  1:23  Spawning Pool  
  17  1:25  Drone  
  17  1:37  Drone  
  17  1:53  Drone x2  
  19  1:54  Overlord  
  19  2:11  Queen  
  19  2:12  Queen  
  23  2:22  Metabolic Boost  
  23  2:25  Zergling x2  
  24  2:55  Zergling x12  
  30  3:34  Baneling Nest  
  30  3:37  Zergling x2  
  30  3:38  Zergling x12  
  30  3:40  Overlord  
  30  3:41  Overlord x2  
  35  4:02  Zergling x4  
  37  4:03  Zergling x8  
  41  4:20  Zergling x8  
  45  4:34  Baneling  
  45  4:35  Baneling x9  
  45  4:48  Zergling x12  
  41  5:16  Zergling x16  
  47  5:41  Zergling x10  
  52  5:48  Drone  
  53  6:28  Extractor  
  53  6:30  Extractor, Drone x5  
  53  6:31  Drone x4  
  60  6:33  Overlord  
Tags
 
Add a new tag
Caveats
  • Supply blocks, unpowered buildings, or Contaminate may cause inaccurate times.
  • Supply counts are checked every 10 seconds.